 Dungeon Crawl Stone Soup version 0.30-a0-1043-g60ff8d5f49 (webtiles) character file.

Game seed: 8026939404746963257

230 Pimp the Trooper (level 6, 0/56 HPs)
             Began as a Hill Orc Fighter on Apr 10, 2023.
             Slain by a lemure (2 damage)
             ... led by Pikel
             ... on level 4 of the Dungeon.
             The game lasted 00:03:36 (2178 turns).

Pimp the Trooper (Hill Orc Fighter)                 Turns: 2178, Time: 00:03:36

Health: 0/56       AC:  7    Str: 19    XL:     6   Next: 3%
Magic:  6/6        EV:  9    Int: 10    God:
Gold:   162        SH:  4    Dex: 10    Spells: 5/5 levels left

rFire   . . .      SeeInvis .    a - +0 war axe
rCold   . . .      Faith    .    c - +0 buckler
rNeg    . . .      Spirit   .    b - +0 scale mail
rPois   .          Reflect  .    (no helmet)
rElec   .          Rampage  .    (no cloak)
rCorr   .                        (no gloves)
Will    .....                    (no boots) Stlth
                                 (no amulet)
HPRegen 0.29/turn                (no ring)
MPRegen 0.10/turn                (no ring)

@: no status effects
A: no striking features
a: no special abilities


You were on level 4 of the Dungeon.
You visited 1 branch of the dungeon, and saw 4 of its levels.

You collected 162 gold pieces.

Inventory:

Hand Weapons
 a - a +0 war axe (weapon)
Armour
 b - a +0 scale mail (worn)
 c - a +0 buckler (worn)
Jewellery
 h - an amulet of reflection
 r - a +6 ring of strength
Scrolls
 d - a scroll of butterflies {unknown}
 f - 2 scrolls of identify
 g - a scroll of enchant weapon
 i - 2 scrolls of enchant armour {unknown}
 j - a scroll of blinking {unknown}
 k - a scroll of brand weapon {unknown}
 m - a scroll of teleportation {unknown}
 n - a scroll of torment {unknown}
 s - 2 scrolls of magic mapping {unknown}
 u - a scroll of amnesia {unknown}
 x - a scroll of poison {unknown}
Potions
 e - a potion of curing
 l - a potion of heal wounds {unknown}
 o - a potion of haste {unknown}
 p - a potion of attraction {unknown}
 q - a potion of might
 t - a potion of invisibility {unknown}
 v - a potion of brilliance {unknown}
 w - 2 potions of berserk rage {unknown}
 z - a potion of degeneration {unknown}


   Skills:
 + Level 5.0 Fighting
 + Level 4.6 Axes
 + Level 4.5 Armour
 + Level 4.5 Shields


You had 5 spell levels left.
You didn't know any spells.
Your spell library was empty.

Dungeon Overview and Level Annotations

Branches:
Dungeon (4/15)
 Temple: D:4-7

Altars:

Annotations:
D:4 Pikel


Message History

The lemure closely misses you. The lemure hits you but does no damage.
Pikel hits you with a +1 whip of freezing.
Pikel freezes you. The lemure hits you. The lemure attacks as you move away!
You block the lemure's attack. The lemure attacks as you move away!
The lemure hits you but does no damage.
Pikel zaps a wand.
The puff of flame hits you!
You barely miss Pikel.
Pikel is moderately wounded.
You slash the lemure! The lemure barely misses you.
Pikel hits you with a +1 whip of freezing.
Pikel freezes you.
You barely miss Pikel.
Pikel is moderately wounded.
You slash the lemure! The lemure hits you but does no damage.
Pikel hits you with a +1 whip of freezing.
Pikel freezes you.
* * * LOW HITPOINT WARNING * * *
You block the lemure's attack.
Pikel hits you with a +1 whip of freezing.
* * * LOW HITPOINT WARNING * * *
Pikel freezes you.
* * * LOW HITPOINT WARNING * * *
You closely miss Pikel.
Pikel is moderately wounded.
You miss the lemure. You block the lemure's attack.
Pikel zaps a wand.
The puff of flame hits you!
* * * LOW HITPOINT WARNING * * *
You feel better. The lemure hits you.
* * * LOW HITPOINT WARNING * * *
Pikel hits you with a +1 whip of freezing!
* * * LOW HITPOINT WARNING * * *
Pikel freezes you.
* * * LOW HITPOINT WARNING * * *
Okay, then.
Okay, then.
As you read the scroll labelled GYDOWUDWER, it crumbles to dust.
It is a scroll of identify.
g - a scroll of enchant weapon The lemure hits you.
You die...

###########
##5K@.......
#?55########
#..<.......
#..<#######
.....##
#####. #. #.
#.


You could see Pikel and 3 lemures.

Vanquished Creatures
  Sigmund (D:2)
  2 adders (D:2)
  2 worms
  An orc (D:3)
  5 bats
  4 endoplasms
  3 giant cockroaches (D:1)
  4 goblins
  3 hobgoblins
  5 kobolds
  5 quokkas
  4 ball pythons
  3 frilled lizards
  4 rats
46 creatures vanquished.

Vanquished Creatures (others)
  5 plants (D:3)
5 creatures vanquished.

Grand Total: 51 creatures vanquished

Notes
Turn   | Place    | Note
-------+----------+-------------------------------------------
     0 | D:1      | Pimp the Hill Orc Fighter began the quest for the Orb.
     0 | D:1      | Reached XP level 1. HP: 19/19 MP: 1/1
   240 | D:1      | Reached XP level 2. HP: 25/27 MP: 2/2
   494 | D:2      | Reached skill level 4 in Fighting
   536 | D:2      | Noticed Sigmund
   548 | D:2      | Reached XP level 3. HP: 19/33 MP: 3/3
   549 | D:2      | Killed Sigmund
   550 | D:2      | Reached XP level 4. HP: 25/41 MP: 4/4
   550 | D:2      | Reached XP level 5. HP: 29/47 MP: 5/5
  1615 | D:3      | Reached XP level 6. HP: 50/55 MP: 6/6
  1916 | D:3      | Reached skill level 5 in Fighting
  2169 | D:4      | Noticed Pikel
  2177 | D:4      | HP: 2/56 [Pikel/+1 whip of freezing (1)]
  2178 | D:4      | Slain by a lemure

Illustrated notes

Levels and vault maps discovered:
D:1:      scummos_arrival_forest, layout_rooms
D:2:      layout_basic, roderic_nine_men_s_morris, minmay_misc_feat_enclosed,
          uniq_sigmund
D:3:      layout_basic, serial_bayou_lagoon_a
D:4:      layout_loops_ring, minmay_temple_entry_waves, serial_bayou_pond_d,
          uniq_natasha, uniq_pikel

Skill      XL: |  1  2  3  4  5  6 |
---------------+-------------------+-----
Axes           | 3 4 |  4.6
Fighting       | 4 5 |  5.0
Armour         | 4 |  4.5
Shields        | 4 |  4.5

Action                     |  1- 3 |  4- 6 || total
---------------------------+-------+-------++-------
  Melee: War axe           |    59 |    88 ||   147
    Use: Potion            |     3 |     1 ||     4
         Scroll            |       |     1 ||     1
 Armour: Scale mail        |    52 |    60 ||   112
  Dodge: Dodged            |    46 |    49 ||    95
  Block: Buckler           |    22 |    25 ||    47

Table legend: (Time is in decaauts)
 A = Elapsed time spent in this place.
 B = Non-inter-level travel time spent in this place.
 C = Inter-level travel time spent in this place.
 D = Time resting spent in this place.
 E = Time spent auto-exploring this place.
 F = Levels seen in this place.
 G = Mean time per level.
                   A        B        C        D        E       F      G
               +--------+--------+--------+--------+--------+-----+--------+
         Total |   2238 |   2204 |     34 |     66 |   1692 |   4 |  559.5 |
       Dungeon |   2238 |   2204 |     34 |     66 |   1692 |   4 |  559.5 |
               +--------+--------+--------+--------+--------+-----+--------+

Top non-repeatable levels by time:
     D:3: 859 daAuts
     D:2: 858 daAuts
     D:1: 509 daAuts
     D:4: 10 daAuts
